2751 views
Uploaded 2020-03-07 17:43:15
Game version 1.32.2
40:58 long 3on3 ladder game on (6)Monsoon_LV
Saved by BEARAND
2751 views
Uploaded 2020-03-07 17:43:15
Game version 1.32.2
40:58 long 3on3 ladder game on (6)Monsoon_LV


103 units @ 11.8k
/ 1.5k
454 buildings @ 21.9k
/ 12.8k
⇛
iggythefisk
(33:11) : 


| Scroll of Regeneration | 2 | 200 |
| Staff of Sanctuary | 3 | 750 |
| Orb of Fire | 3 | 975 |
| Lesser Clarity Potion | 5 | 350 |
| Boots of Speed | 3 | 750 |
| Staff of Teleportation | 4 | 600 |
| Circlet of Nobility | 2 | 350 |
| total: | 22 | 3975g |
| Peasant | 22 | 1650 | / | 0 |
| Priest | 2 | 270 | / | 20 |
| Siege Engine | 3 | 585 | / | 180 |
| total: | 27 | 2505g | / | 200w |
| Scout Tower | 63 | 1890 | / | 1260 |
| Arcane Tower | 5 | 350 | / | 250 |
| Guard Tower | 27 | 1890 | / | 1350 |
| Altar of Kings | 1 | 180 | / | 50 |
| Lumber Mill | 1 | 120 | / | 0 |
| Farm | 7 | 560 | / | 140 |
| Town Hall | 1 | 385 | / | 205 |
| Arcane Vault | 2 | 260 | / | 60 |
| Blacksmith | 1 | 140 | / | 60 |
| Arcane Sanctum | 1 | 150 | / | 140 |
| Workshop | 2 | 280 | / | 280 |
| Keep | 1 | 320 | / | 210 |
| Castle | 1 | 360 | / | 210 |
| total: | 79 | 3965g | / | 2195w |
| 0:01 | Peasant |
| 0:04 | Altar of Kings |
| 0:07 | Peasant |
| 0:13 | Peasant |
| 0:25 | Lumber Mill |
| 0:26 | Peasant |
| 0:33 | Farm |
| 0:41 | Peasant |
| 0:48 | Farm |
| 1:03 | Peasant |
| 1:14 | Scout Tower |
| 1:17 | Peasant |
| 1:25 | Scout Tower |
| 1:26 | Peasant |
| 1:40 | Arcane Tower |
| 1:42 | Peasant |
| 1:54 | Scout Tower |
| 2:03 | Peasant |
| 2:05 | Guard Tower |
| 2:07 | Storm Bolt |
| 2:10 | Peasant |
| 2:19 | Peasant |
| 2:26 | Peasant |
| 2:46 | Peasant |
| 2:48 | Arcane Tower |
| 2:54 | Scout Tower |
| 3:00 | Improved Masonry |
| 3:06 | Peasant |
| 3:30 | Scout Tower |
| 3:39 | Peasant |
| 3:46 | Scout Tower |
| 3:47 | Scout Tower |
| 3:50 | Scout Tower |
| 3:53 | Keep |
| 4:07 | Boots of Speed |
| 4:07 | Staff of Teleportation |
| 4:17 | Guard Tower |
| 4:31 | Scout Tower |
| 4:39 | Bash |
| 5:07 | Guard Tower |
| 5:56 | Town Hall |
| 6:10 | Farm |
| 6:24 | Castle |
| 6:39 | Scout Tower |
| 6:39 | Scout Tower |
| 7:00 | Scroll of Regeneration |
| 7:10 | Advanced Masonry |
| 7:13 | Guard Tower |
| 7:15 | Scout Tower |
| 7:16 | Scout Tower |
| 7:36 | Storm Bolt |
| 7:54 | Scroll of Regeneration |
| 8:04 | Peasant |
| 8:11 | Guard Tower |
| 8:14 | Improved Lumber Harvesting |
| 8:21 | Peasant |
| 8:22 | Peasant |
| 8:37 | Guard Tower |
| 8:39 | Scout Tower |
| 9:33 | Holy Light |
| 10:09 | Banish |
| 10:46 | Guard Tower |
| 10:47 | Scout Tower |
| 10:48 | Scout Tower |
| 10:49 | Scout Tower |
| 11:00 | Peasant |
| 11:08 | Arcane Sanctum |
| 11:10 | Imbued Masonry |
| 11:10 | Advanced Lumber Harvesting |
| 11:16 | Scout Tower |
| 11:17 | Scout Tower |
| 11:18 | Scout Tower |
| 11:19 | Arcane Vault |
| 11:21 | Peasant |
| 11:21 | Peasant |
| 11:24 | Arcane Tower |
| 11:37 | Scout Tower |
| 11:40 | Guard Tower |
| 11:42 | Scout Tower |
| 11:43 | Scout Tower |
| 11:44 | Scout Tower |
| 11:45 | Scout Tower |
| 11:46 | Scout Tower |
| 12:13 | Staff of Sanctuary |
| 12:16 | Orb of Fire |
| 12:19 | Guard Tower |
| 12:21 | Scout Tower |
| 12:21 | Scout Tower |
| 12:23 | Scout Tower |
| 12:23 | Scout Tower |
| 12:26 | Magic Sentry |
| 12:27 | Priest Adept Training |
| 12:27 | Priest |
| 12:29 | Farm |
| 12:30 | Scout Tower |
| 12:47 | Guard Tower |
| 12:49 | Scout Tower |
| 12:52 | Scout Tower |
| 12:57 | Guard Tower |
| 13:25 | Divine Shield |
| 13:31 | Guard Tower |
| 13:52 | Guard Tower |
| 13:53 | Arcane Tower |
| 13:56 | Guard Tower |
| 13:57 | Scout Tower |
| 13:59 | Scout Tower |
| 13:59 | Scout Tower |
| 14:00 | Scout Tower |
| 14:01 | Scout Tower |
| 14:04 | Scout Tower |
| 14:05 | Scout Tower |
| 14:23 | Priest |
| 14:28 | Guard Tower |
| 14:32 | Arcane Vault |
| 14:33 | Scout Tower |
| 14:33 | Scout Tower |
| 14:57 | Bash |
| 14:58 | Siphon Mana |
| 15:26 | Boots of Speed |
| 15:26 | Staff of Teleportation |
| 15:26 | Circlet of Nobility |
| 15:44 | Guard Tower |
| 15:51 | Guard Tower |
| 16:07 | Priest Master Training |
| 16:07 | Sorceress Adept Training |
| 16:12 | Arcane Tower |
| 16:15 | Scout Tower |
| 16:16 | Scout Tower |
| 16:20 | Staff of Sanctuary |
| 16:22 | Staff of Sanctuary |
| 16:23 | Orb of Fire |
| 16:26 | Orb of Fire |
| 16:40 | Guard Tower |
| 16:44 | Guard Tower |
| 17:28 | Guard Tower |
| 17:45 | Boots of Speed |
| 17:45 | Staff of Teleportation |
| 18:50 | Guard Tower |
| 20:16 | Scout Tower |
| 20:16 | Scout Tower |
| 20:17 | Scout Tower |
| 20:18 | Scout Tower |
| 20:19 | Scout Tower |
| 20:22 | Scout Tower |
| 20:22 | Scout Tower |
| 20:33 | Lesser Clarity Potion |
| 20:38 | Lesser Clarity Potion |
| 20:52 | Guard Tower |
| 21:09 | Circlet of Nobility |
| 21:10 | Staff of Teleportation |
| 22:18 | Guard Tower |
| 22:19 | Guard Tower |
| 22:19 | Guard Tower |
| 22:49 | Blacksmith |
| 23:38 | Holy Light |
| 24:10 | Workshop |
| 25:17 | Siphon Mana |
| 25:56 | Barrage |
| 25:57 | Siege Engine |
| 26:00 | Black Gunpowder |
| 26:02 | Iron Plating |
| 26:05 | Workshop |
| 26:06 | Farm |
| 26:07 | Farm |
| 26:08 | Farm |
| 26:28 | Scout Tower |
| 26:56 | Siege Engine |
| 26:59 | Guard Tower |
| 27:02 | Scout Tower |
| 27:03 | Scout Tower |
| 27:04 | Scout Tower |
| 27:04 | Scout Tower |
| 27:06 | Scout Tower |
| 27:07 | Scout Tower |
| 27:07 | Scout Tower |
| 27:08 | Scout Tower |
| 27:19 | Lesser Clarity Potion |
| 27:24 | Lesser Clarity Potion |
| 27:30 | Lesser Clarity Potion |
| 27:35 | Refined Gunpowder |
| 31:55 | Divine Shield |
| 31:57 | Siege Engine |
| 32:10 | Storm Bolt |
| 32:34 | Imbued Gunpowder |
| 32:35 | Steel Plating |
| 32:40 | Guard Tower |
| 32:42 | Scout Tower |
| 32:43 | Scout Tower |
| 32:43 | Scout Tower |
| Right click | 1914 |
| Select group | 1250 |
| Assign group | 509 |
| Select | 444 |
| Build/train/purchase | 223 |
| Use ability | 138 |
| Misc. action | 84 |
| Resource trade | 21 |
| Item give/drop | 9 |
| Remove unit | 1 |



| Scroll of Regeneration | 2 | 200 |
| Staff of Sanctuary | 3 | 750 |
| Orb of Fire | 2 | 650 |
| Staff of Teleportation | 3 | 450 |
| Boots of Speed | 3 | 750 |
| Circlet of Nobility | 2 | 350 |
| Periapt of Vitality | 3 | 975 |
| total: | 18 | 4125g |
| Peasant | 30 | 2250 | / | 0 |
| Priest | 1 | 135 | / | 10 |
| Gryphon Rider | 5 | 1400 | / | 350 |
| Siege Engine | 10 | 1950 | / | 600 |
| total: | 46 | 5735g | / | 960w |
| Scout Tower | 204 | 6120 | / | 4080 |
| Arcane Tower | 10 | 700 | / | 500 |
| Guard Tower | 62 | 4340 | / | 3100 |
| Altar of Kings | 1 | 180 | / | 50 |
| Farm | 16 | 1280 | / | 320 |
| Lumber Mill | 2 | 240 | / | 0 |
| Arcane Vault | 3 | 390 | / | 90 |
| Town Hall | 2 | 770 | / | 410 |
| Barracks | 1 | 160 | / | 60 |
| Blacksmith | 1 | 140 | / | 60 |
| Arcane Sanctum | 1 | 150 | / | 140 |
| Gryphon Aviary | 10 | 1400 | / | 1500 |
| Keep | 1 | 320 | / | 210 |
| Castle | 1 | 360 | / | 210 |
| total: | 241 | 10830g | / | 6710w |
| 0:06 | Altar of Kings |
| 0:08 | Farm |
| 0:10 | Peasant |
| 0:10 | Peasant |
| 1:53 | Peasant |
| 1:53 | Peasant |
| 1:57 | Lumber Mill |
| 1:59 | Peasant |
| 1:59 | Peasant |
| 2:13 | Farm |
| 2:17 | Scout Tower |
| 2:19 | Peasant |
| 2:19 | Peasant |
| 2:46 | Arcane Tower |
| 2:47 | Scout Tower |
| 2:51 | Blizzard |
| 2:54 | Peasant |
| 2:54 | Peasant |
| 3:16 | Scout Tower |
| 3:19 | Peasant |
| 3:22 | Guard Tower |
| 3:37 | Peasant |
| 3:37 | Peasant |
| 3:44 | Scout Tower |
| 3:53 | Peasant |
| 3:53 | Peasant |
| 3:56 | Peasant |
| 4:00 | Scout Tower |
| 4:00 | Scout Tower |
| 4:02 | Scout Tower |
| 4:23 | Arcane Tower |
| 4:24 | Guard Tower |
| 4:24 | Peasant |
| 4:29 | Arcane Tower |
| 4:30 | Guard Tower |
| 4:47 | Scout Tower |
| 4:47 | Scout Tower |
| 4:48 | Scout Tower |
| 4:49 | Peasant |
| 5:01 | Staff of Teleportation |
| 5:01 | Boots of Speed |
| 5:19 | Guard Tower |
| 5:21 | Scout Tower |
| 5:22 | Scout Tower |
| 5:23 | Scout Tower |
| 5:36 | Scout Tower |
| 5:39 | Scout Tower |
| 5:40 | Scout Tower |
| 5:43 | Keep |
| 5:56 | Guard Tower |
| 6:08 | Arcane Vault |
| 6:09 | Arcane Tower |
| 6:09 | Guard Tower |
| 6:35 | Brilliance Aura |
| 6:49 | Town Hall |
| 7:16 | Scroll of Regeneration |
| 7:42 | Scout Tower |
| 7:53 | Peasant |
| 7:53 | Peasant |
| 8:10 | Guard Tower |
| 8:14 | Scout Tower |
| 8:19 | Peasant |
| 8:22 | Improved Lumber Harvesting |
| 8:33 | Farm |
| 8:40 | Scout Tower |
| 8:41 | Scout Tower |
| 8:43 | Peasant |
| 8:43 | Peasant |
| 8:44 | Guard Tower |
| 8:46 | Scout Tower |
| 9:02 | Scout Tower |
| 9:03 | Scout Tower |
| 9:24 | Storm Bolt |
| 10:17 | Blizzard |
| 10:38 | Guard Tower |
| 10:40 | Arcane Sanctum |
| 10:43 | Improved Masonry |
| 10:44 | Castle |
| 10:47 | Arcane Vault |
| 10:49 | Arcane Vault |
| 10:50 | Guard Tower |
| 10:55 | Scout Tower |
| 10:56 | Scout Tower |
| 10:59 | Scout Tower |
| 11:00 | Scout Tower |
| 11:25 | Scroll of Regeneration |
| 11:29 | Guard Tower |
| 11:34 | Scout Tower |
| 11:34 | Scout Tower |
| 11:55 | Guard Tower |
| 11:56 | Scout Tower |
| 12:01 | Circlet of Nobility |
| 12:02 | Boots of Speed |
| 12:02 | Staff of Teleportation |
| 12:11 | Magic Sentry |
| 12:12 | Priest |
| 12:13 | Priest Adept Training |
| 12:15 | Arcane Tower |
| 12:23 | Scout Tower |
| 12:23 | Scout Tower |
| 12:24 | Scout Tower |
| 12:25 | Scout Tower |
| 12:25 | Scout Tower |
| 12:27 | Guard Tower |
| 12:50 | Advanced Masonry |
| 12:55 | Arcane Tower |
| 13:04 | Scout Tower |
| 13:05 | Scout Tower |
| 13:06 | Scout Tower |
| 13:07 | Scout Tower |
| 13:07 | Scout Tower |
| 13:08 | Scout Tower |
| 13:33 | Scout Tower |
| 13:34 | Scout Tower |
| 13:35 | Scout Tower |
| 13:35 | Scout Tower |
| 13:37 | Scout Tower |
| 13:38 | Scout Tower |
| 13:38 | Scout Tower |
| 13:39 | Scout Tower |
| 13:43 | Guard Tower |
| 14:01 | Guard Tower |
| 14:03 | Scout Tower |
| 14:04 | Scout Tower |
| 14:05 | Scout Tower |
| 14:05 | Scout Tower |
| 14:08 | Bash |
| 14:22 | Holy Light |
| 14:24 | Staff of Sanctuary |
| 14:24 | Staff of Sanctuary |
| 14:25 | Orb of Fire |
| 14:29 | Orb of Fire |
| 14:29 | Staff of Sanctuary |
| 14:41 | Guard Tower |
| 14:47 | Scout Tower |
| 14:48 | Scout Tower |
| 14:49 | Scout Tower |
| 14:49 | Scout Tower |
| 15:11 | Arcane Tower |
| 15:12 | Guard Tower |
| 15:46 | Arcane Tower |
| 15:49 | Arcane Tower |
| 15:50 | Guard Tower |
| 15:54 | Guard Tower |
| 15:58 | Boots of Speed |
| 16:04 | Periapt of Vitality |
| 16:19 | Imbued Masonry |
| 16:20 | Advanced Lumber Harvesting |
| 16:31 | Guard Tower |
| 16:32 | Guard Tower |
| 16:34 | Scout Tower |
| 16:35 | Scout Tower |
| 16:35 | Scout Tower |
| 16:36 | Scout Tower |
| 16:41 | Scout Tower |
| 16:42 | Scout Tower |
| 16:43 | Scout Tower |
| 16:44 | Scout Tower |
| 16:46 | Scout Tower |
| 16:47 | Scout Tower |
| 16:47 | Scout Tower |
| 17:53 | Scout Tower |
| 17:54 | Scout Tower |
| 17:54 | Scout Tower |
| 17:55 | Scout Tower |
| 18:53 | Guard Tower |
| 18:54 | Scout Tower |
| 18:56 | Scout Tower |
| 18:57 | Scout Tower |
| 18:58 | Scout Tower |
| 19:12 | Guard Tower |
| 19:24 | Circlet of Nobility |
| 19:28 | Periapt of Vitality |
| 20:28 | Scout Tower |
| 20:29 | Scout Tower |
| 20:30 | Scout Tower |
| 20:30 | Scout Tower |
| 20:31 | Scout Tower |
| 20:32 | Scout Tower |
| 20:34 | Scout Tower |
| 20:34 | Scout Tower |
| 20:34 | Scout Tower |
| 20:36 | Scout Tower |
| 20:36 | Scout Tower |
| 20:37 | Scout Tower |
| 20:39 | Scout Tower |
| 20:40 | Scout Tower |
| 20:40 | Scout Tower |
| 20:41 | Scout Tower |
| 20:42 | Scout Tower |
| 20:42 | Scout Tower |
| 20:45 | Guard Tower |
| 20:54 | Arcane Tower |
| 20:59 | Guard Tower |
| 20:59 | Guard Tower |
| 21:02 | Guard Tower |
| 21:13 | Guard Tower |
| 21:23 | Town Hall |
| 21:29 | Guard Tower |
| 21:32 | Scout Tower |
| 21:33 | Scout Tower |
| 21:34 | Scout Tower |
| 21:35 | Scout Tower |
| 21:35 | Scout Tower |
| 21:36 | Scout Tower |
| 21:37 | Guard Tower |
| 21:40 | Guard Tower |
| 21:42 | Scout Tower |
| 21:43 | Scout Tower |
| 21:44 | Scout Tower |
| 21:44 | Scout Tower |
| 21:45 | Scout Tower |
| 21:50 | Guard Tower |
| 22:25 | Guard Tower |
| 22:29 | Scout Tower |
| 22:30 | Scout Tower |
| 22:31 | Scout Tower |
| 22:31 | Scout Tower |
| 22:32 | Scout Tower |
| 22:38 | Guard Tower |
| 22:51 | Lumber Mill |
| 22:57 | Scout Tower |
| 22:58 | Scout Tower |
| 22:59 | Scout Tower |
| 23:00 | Scout Tower |
| 23:01 | Scout Tower |
| 23:02 | Scout Tower |
| 23:02 | Scout Tower |
| 23:05 | Scout Tower |
| 23:06 | Scout Tower |
| 23:08 | Scout Tower |
| 23:08 | Scout Tower |
| 23:14 | Guard Tower |
| 23:16 | Scout Tower |
| 23:17 | Scout Tower |
| 23:18 | Scout Tower |
| 23:18 | Scout Tower |
| 23:19 | Scout Tower |
| 23:20 | Scout Tower |
| 23:20 | Scout Tower |
| 23:21 | Scout Tower |
| 23:25 | Scout Tower |
| 23:25 | Scout Tower |
| 23:26 | Scout Tower |
| 23:27 | Scout Tower |
| 23:28 | Scout Tower |
| 23:29 | Scout Tower |
| 23:29 | Scout Tower |
| 23:30 | Scout Tower |
| 23:33 | Guard Tower |
| 23:38 | Scout Tower |
| 23:39 | Scout Tower |
| 23:42 | Scout Tower |
| 23:43 | Scout Tower |
| 23:46 | Guard Tower |
| 23:48 | Staff of Teleportation |
| 23:52 | Periapt of Vitality |
| 23:58 | Guard Tower |
| 24:01 | Guard Tower |
| 24:02 | Guard Tower |
| 24:16 | Guard Tower |
| 24:23 | Divine Shield |
| 24:46 | Brilliance Aura |
| 25:00 | Guard Tower |
| 25:03 | Peasant |
| 25:04 | Peasant |
| 25:04 | Peasant |
| 25:17 | Storm Bolt |
| 25:53 | Guard Tower |
| 25:57 | Guard Tower |
| 25:59 | Scout Tower |
| 26:00 | Scout Tower |
| 26:00 | Scout Tower |
| 26:01 | Scout Tower |
| 26:02 | Scout Tower |
| 26:02 | Scout Tower |
| 26:04 | Scout Tower |
| 26:05 | Scout Tower |
| 26:06 | Guard Tower |
| 26:09 | Guard Tower |
| 26:13 | Guard Tower |
| 26:33 | Peasant |
| 26:34 | Peasant |
| 26:37 | Peasant |
| 26:37 | Peasant |
| 26:52 | Guard Tower |
| 26:55 | Guard Tower |
| 26:57 | Scout Tower |
| 26:58 | Scout Tower |
| 26:59 | Scout Tower |
| 26:59 | Scout Tower |
| 27:00 | Scout Tower |
| 27:00 | Scout Tower |
| 27:01 | Scout Tower |
| 27:01 | Scout Tower |
| 27:39 | Guard Tower |
| 27:53 | Guard Tower |
| 27:54 | Guard Tower |
| 27:57 | Scout Tower |
| 27:58 | Scout Tower |
| 27:58 | Scout Tower |
| 27:59 | Scout Tower |
| 28:08 | Scout Tower |
| 28:08 | Scout Tower |
| 28:09 | Scout Tower |
| 28:13 | Scout Tower |
| 28:32 | Guard Tower |
| 30:02 | Guard Tower |
| 30:06 | Scout Tower |
| 30:07 | Scout Tower |
| 30:08 | Scout Tower |
| 31:06 | Guard Tower |
| 31:10 | Holy Light |
| 31:40 | Scout Tower |
| 31:45 | Bash |
| 32:00 | Scout Tower |
| 32:01 | Scout Tower |
| 32:02 | Scout Tower |
| 32:02 | Scout Tower |
| 32:03 | Scout Tower |
| 32:03 | Scout Tower |
| 32:04 | Scout Tower |
| 32:05 | Scout Tower |
| 32:09 | Scout Tower |
| 32:09 | Scout Tower |
| 32:10 | Scout Tower |
| 32:11 | Scout Tower |
| 32:11 | Scout Tower |
| 32:12 | Scout Tower |
| 32:12 | Scout Tower |
| 32:13 | Scout Tower |
| 32:16 | Scout Tower |
| 32:17 | Scout Tower |
| 32:18 | Scout Tower |
| 32:18 | Scout Tower |
| 32:19 | Scout Tower |
| 32:20 | Scout Tower |
| 32:21 | Guard Tower |
| 32:23 | Scout Tower |
| 32:25 | Scout Tower |
| 32:25 | Scout Tower |
| 32:26 | Scout Tower |
| 32:36 | Scout Tower |
| 32:37 | Scout Tower |
| 32:38 | Scout Tower |
| 32:38 | Scout Tower |
| 32:39 | Scout Tower |
| 32:40 | Scout Tower |
| 32:40 | Scout Tower |
| 32:41 | Scout Tower |
| 32:42 | Scout Tower |
| 33:19 | Guard Tower |
| 33:22 | Guard Tower |
| 33:23 | Guard Tower |
| 33:30 | Gryphon Aviary |
| 33:31 | Gryphon Aviary |
| 33:31 | Gryphon Aviary |
| 33:32 | Gryphon Aviary |
| 33:33 | Gryphon Aviary |
| 33:33 | Gryphon Aviary |
| 34:17 | Gryphon Aviary |
| 34:18 | Gryphon Aviary |
| 34:19 | Gryphon Aviary |
| 34:20 | Gryphon Aviary |
| 34:26 | Barracks |
| 34:27 | Blacksmith |
| 34:33 | Farm |
| 34:34 | Farm |
| 34:35 | Farm |
| 34:35 | Farm |
| 34:36 | Farm |
| 34:36 | Farm |
| 34:37 | Farm |
| 34:38 | Farm |
| 34:41 | Guard Tower |
| 35:11 | Siege Engine |
| 35:11 | Siege Engine |
| 35:12 | Siege Engine |
| 35:24 | Storm Hammers |
| 35:45 | Animal War Training |
| 35:46 | Iron Forged Swords |
| 35:47 | Studded Leather Armor |
| 35:49 | Iron Plating |
| 36:15 | Siege Engine |
| 36:15 | Siege Engine |
| 36:44 | Gryphon Rider |
| 36:44 | Gryphon Rider |
| 36:46 | Gryphon Rider |
| 37:13 | Farm |
| 37:13 | Farm |
| 37:14 | Farm |
| 37:18 | Farm |
| 37:18 | Farm |
| 38:16 | Gryphon Rider |
| 38:16 | Gryphon Rider |
| 38:36 | Steel Forged Swords |
| 38:36 | Reinforced Leather Armor |
| 38:43 | Siege Engine |
| 38:43 | Siege Engine |
| 38:43 | Siege Engine |
| 38:43 | Siege Engine |
| 38:44 | Siege Engine |
| 38:47 | Guard Tower |
| 38:49 | Blizzard |
| 39:54 | Devotion Aura |
| 40:09 | Mithril Forged Swords |
| Right click | 2302 |
| Select group | 1515 |
| Select | 470 |
| Build/train/purchase | 220 |
| Use ability | 131 |
| Misc. action | 106 |
| Chat | 57 |
| Assign group | 24 |
| Minimap ping | 19 |
| Item give/drop | 13 |
| Esc | 12 |
BEARAND
(40:58) : 


| Scroll of Regeneration | 1 | 100 |
| Potion of Healing | 1 | 150 |
| Lesser Clarity Potion | 1 | 70 |
| Staff of Sanctuary | 3 | 750 |
| Orb of Fire | 2 | 650 |
| Boots of Speed | 3 | 750 |
| Periapt of Vitality | 1 | 325 |
| Circlet of Nobility | 1 | 175 |
| Staff of Teleportation | 3 | 450 |
| total: | 16 | 3420g |
| Peasant | 17 | 1275 | / | 0 |
| Priest | 4 | 540 | / | 40 |
| Sorceress | 1 | 155 | / | 20 |
| Dragonhawk Rider | 8 | 1600 | / | 240 |
| total: | 30 | 3570g | / | 300w |
| Scout Tower | 104 | 3120 | / | 2080 |
| Arcane Tower | 8 | 560 | / | 400 |
| Guard Tower | 38 | 2660 | / | 1900 |
| Altar of Kings | 1 | 180 | / | 50 |
| Farm | 17 | 1360 | / | 340 |
| Lumber Mill | 1 | 120 | / | 0 |
| Arcane Vault | 2 | 260 | / | 60 |
| Town Hall | 3 | 1155 | / | 615 |
| Blacksmith | 1 | 140 | / | 60 |
| Barracks | 1 | 160 | / | 60 |
| Arcane Sanctum | 1 | 150 | / | 140 |
| Gryphon Aviary | 3 | 420 | / | 450 |
| Keep | 1 | 320 | / | 210 |
| Castle | 2 | 720 | / | 420 |
| total: | 134 | 7065g | / | 3855w |
| 0:02 | Peasant |
| 0:02 | Peasant |
| 0:08 | Altar of Kings |
| 0:18 | Farm |
| 0:19 | Peasant |
| 0:24 | Peasant |
| 0:31 | Peasant |
| 0:37 | Lumber Mill |
| 0:44 | Peasant |
| 1:00 | Peasant |
| 1:18 | Farm |
| 1:19 | Peasant |
| 1:30 | Scout Tower |
| 1:35 | Peasant |
| 1:39 | Scout Tower |
| 1:51 | Peasant |
| 2:02 | Arcane Tower |
| 2:04 | Scout Tower |
| 2:17 | Scout Tower |
| 2:18 | Peasant |
| 2:23 | Blizzard |
| 2:25 | Guard Tower |
| 2:26 | Scout Tower |
| 2:28 | Scout Tower |
| 2:36 | Peasant |
| 2:37 | Peasant |
| 2:37 | Peasant |
| 2:39 | Guard Tower |
| 2:59 | Guard Tower |
| 3:29 | Scout Tower |
| 3:57 | Keep |
| 4:00 | Guard Tower |
| 4:03 | Scout Tower |
| 4:03 | Scout Tower |
| 4:07 | Scout Tower |
| 4:08 | Scout Tower |
| 4:50 | Arcane Vault |
| 4:55 | Farm |
| 4:56 | Scout Tower |
| 4:57 | Scout Tower |
| 5:22 | Improved Masonry |
| 5:26 | Farm |
| 5:26 | Farm |
| 5:33 | Scout Tower |
| 5:34 | Scout Tower |
| 5:35 | Arcane Tower |
| 5:50 | Arcane Tower |
| 5:50 | Guard Tower |
| 5:54 | Scout Tower |
| 5:55 | Scout Tower |
| 6:00 | Brilliance Aura |
| 6:08 | Scroll of Regeneration |
| 7:12 | Guard Tower |
| 7:13 | Guard Tower |
| 7:14 | Scout Tower |
| 7:14 | Scout Tower |
| 7:37 | Storm Bolt |
| 7:53 | Potion of Healing |
| 7:57 | Town Hall |
| 8:00 | Advanced Masonry |
| 8:00 | Improved Lumber Harvesting |
| 8:01 | Arcane Sanctum |
| 8:08 | Guard Tower |
| 8:13 | Scout Tower |
| 8:14 | Scout Tower |
| 9:35 | Bash |
| 9:47 | Castle |
| 9:59 | Magic Sentry |
| 10:00 | Priest |
| 10:01 | Arcane Tower |
| 10:02 | Guard Tower |
| 10:15 | Scout Tower |
| 10:19 | Scout Tower |
| 10:20 | Scout Tower |
| 10:43 | Arcane Tower |
| 11:09 | Arcane Vault |
| 11:11 | Arcane Tower |
| 11:11 | Guard Tower |
| 11:13 | Guard Tower |
| 11:23 | Lesser Clarity Potion |
| 11:39 | Guard Tower |
| 11:51 | Guard Tower |
| 11:53 | Scout Tower |
| 11:53 | Scout Tower |
| 11:55 | Scout Tower |
| 11:55 | Scout Tower |
| 12:27 | Peasant |
| 12:27 | Peasant |
| 12:27 | Peasant |
| 13:07 | Boots of Speed |
| 13:15 | Imbued Masonry |
| 13:16 | Holy Light |
| 13:26 | Periapt of Vitality |
| 13:30 | Staff of Sanctuary |
| 13:30 | Orb of Fire |
| 13:55 | Guard Tower |
| 13:58 | Scout Tower |
| 13:58 | Scout Tower |
| 13:59 | Scout Tower |
| 13:59 | Scout Tower |
| 14:05 | Blizzard |
| 14:18 | Boots of Speed |
| 14:18 | Circlet of Nobility |
| 14:19 | Staff of Teleportation |
| 14:28 | Guard Tower |
| 14:32 | Scout Tower |
| 14:32 | Scout Tower |
| 14:33 | Scout Tower |
| 14:33 | Scout Tower |
| 14:52 | Guard Tower |
| 15:26 | Boots of Speed |
| 15:26 | Staff of Teleportation |
| 15:44 | Guard Tower |
| 15:47 | Scout Tower |
| 15:48 | Scout Tower |
| 15:48 | Scout Tower |
| 15:49 | Scout Tower |
| 15:51 | Orb of Fire |
| 15:51 | Staff of Sanctuary |
| 16:18 | Guard Tower |
| 16:23 | Scout Tower |
| 16:24 | Scout Tower |
| 16:25 | Scout Tower |
| 16:25 | Scout Tower |
| 16:26 | Scout Tower |
| 16:26 | Scout Tower |
| 16:27 | Scout Tower |
| 16:28 | Scout Tower |
| 16:29 | Scout Tower |
| 16:29 | Scout Tower |
| 16:30 | Scout Tower |
| 16:30 | Scout Tower |
| 16:31 | Scout Tower |
| 16:32 | Scout Tower |
| 16:33 | Scout Tower |
| 16:34 | Scout Tower |
| 16:35 | Scout Tower |
| 16:35 | Scout Tower |
| 16:36 | Scout Tower |
| 16:36 | Scout Tower |
| 16:38 | Scout Tower |
| 16:40 | Scout Tower |
| 17:45 | Guard Tower |
| 18:00 | Guard Tower |
| 18:20 | Staff of Sanctuary |
| 18:24 | Staff of Teleportation |
| 20:10 | Guard Tower |
| 20:56 | Guard Tower |
| 21:28 | Storm Bolt |
| 21:43 | Town Hall |
| 22:40 | Sorceress Adept Training |
| 22:40 | Sorceress |
| 22:42 | Gryphon Aviary |
| 22:43 | Blacksmith |
| 22:44 | Barracks |
| 22:45 | Gryphon Aviary |
| 24:06 | Divine Shield |
| 24:33 | Priest |
| 24:33 | Priest |
| 24:34 | Priest Adept Training |
| 24:52 | Bash |
| 26:08 | Guard Tower |
| 26:35 | Guard Tower |
| 27:05 | Priest |
| 27:05 | Priest Master Training |
| 28:21 | Iron Forged Swords |
| 28:21 | Studded Leather Armor |
| 28:21 | Animal War Training |
| 28:34 | Guard Tower |
| 28:40 | Scout Tower |
| 28:41 | Scout Tower |
| 28:42 | Scout Tower |
| 28:42 | Scout Tower |
| 28:43 | Scout Tower |
| 28:43 | Scout Tower |
| 28:44 | Scout Tower |
| 28:44 | Scout Tower |
| 28:45 | Scout Tower |
| 28:46 | Scout Tower |
| 28:47 | Scout Tower |
| 28:48 | Scout Tower |
| 28:48 | Scout Tower |
| 28:48 | Scout Tower |
| 28:49 | Scout Tower |
| 28:49 | Scout Tower |
| 28:50 | Scout Tower |
| 28:50 | Scout Tower |
| 28:51 | Scout Tower |
| 28:51 | Scout Tower |
| 28:58 | Scout Tower |
| 28:58 | Scout Tower |
| 28:59 | Scout Tower |
| 29:00 | Scout Tower |
| 29:01 | Scout Tower |
| 29:01 | Scout Tower |
| 29:02 | Scout Tower |
| 29:02 | Scout Tower |
| 29:02 | Scout Tower |
| 29:03 | Scout Tower |
| 29:03 | Scout Tower |
| 29:04 | Scout Tower |
| 29:04 | Scout Tower |
| 29:05 | Scout Tower |
| 29:05 | Scout Tower |
| 29:06 | Scout Tower |
| 29:07 | Scout Tower |
| 29:08 | Scout Tower |
| 29:08 | Scout Tower |
| 29:09 | Scout Tower |
| 29:11 | Scout Tower |
| 29:11 | Scout Tower |
| 30:08 | Guard Tower |
| 30:27 | Brilliance Aura |
| 30:56 | Holy Light |
| 32:26 | Sorceress Master Training |
| 34:18 | Farm |
| 34:19 | Farm |
| 34:19 | Farm |
| 34:20 | Farm |
| 34:20 | Farm |
| 34:20 | Farm |
| 34:33 | Steel Forged Swords |
| 34:33 | Reinforced Leather Armor |
| 34:38 | Gryphon Aviary |
| 34:40 | Farm |
| 34:41 | Farm |
| 34:41 | Farm |
| 35:38 | Dragonhawk Rider |
| 35:38 | Dragonhawk Rider |
| 35:39 | Dragonhawk Rider |
| 35:45 | Farm |
| 35:46 | Farm |
| 36:17 | Dragonhawk Rider |
| 36:17 | Dragonhawk Rider |
| 36:18 | Dragonhawk Rider |
| 36:19 | Farm |
| 36:27 | Town Hall |
| 37:34 | Dragonhawk Rider |
| 37:34 | Dragonhawk Rider |
| 39:05 | Arcane Tower |
| 39:08 | Guard Tower |
| 40:02 | Storm Bolt |
| 40:45 | Guard Tower |
| 40:56 | Cloud |
| Right click | 3695 |
| Select | 930 |
| Select group | 761 |
| Build/train/purchase | 370 |
| Use ability | 201 |
| Chat | 128 |
| Assign group | 31 |
| Misc. action | 25 |
| Minimap ping | 18 |
| Resource trade | 17 |
| Item give/drop | 13 |
168 units @ 28k
/ 5.1k
66 buildings @ 10.9k
/ 4.7k

| Healing Salve | 4 | 400 |
| Orb of Lightning | 1 | 375 |
| Potion of Mana | 2 | 400 |
| Boots of Speed | 1 | 250 |
| total: | 8 | 1425g |
| Peon | 8 | 600 | / | 0 |
| Grunt | 3 | 600 | / | 0 |
| Troll Headhunter | 5 | 700 | / | 100 |
| Troll Berserker | 7 | 980 | / | 140 |
| Shaman | 10 | 1300 | / | 200 |
| Tauren | 7 | 1960 | / | 560 |
| Demolisher | 7 | 1540 | / | 350 |
| Wind Rider | 4 | 1060 | / | 160 |
| Troll Batrider | 14 | 2240 | / | 560 |
| total: | 65 | 10980g | / | 2070w |
| Altar of Storms | 1 | 180 | / | 50 |
| Orc Burrow | 8 | 1280 | / | 320 |
| Barracks | 1 | 180 | / | 50 |
| War Mill | 1 | 205 | / | 0 |
| Voodoo Lounge | 1 | 130 | / | 30 |
| Great Hall | 1 | 385 | / | 185 |
| Tauren Totem | 1 | 135 | / | 155 |
| Spirit Lodge | 1 | 150 | / | 150 |
| Beastiary | 3 | 435 | / | 420 |
| Stronghold | 1 | 315 | / | 190 |
| Fortress | 1 | 325 | / | 190 |
| total: | 18 | 3080g | / | 1360w |
| 0:03 | Peon |
| 0:03 | Peon |
| 0:07 | Altar of Storms |
| 0:11 | Orc Burrow |
| 0:15 | Orc Burrow |
| 0:49 | Peon |
| 0:49 | Peon |
| 0:49 | Peon |
| 1:19 | Orc Burrow |
| 1:39 | Pillage |
| 1:59 | Barracks |
| 2:11 | Wind Walk |
| 2:20 | War Mill |
| 3:03 | Grunt |
| 3:55 | Grunt |
| 4:03 | Voodoo Lounge |
| 4:07 | Grunt |
| 4:14 | Orc Burrow |
| 4:18 | Stronghold |
| 4:35 | Steel Ranged Weapons |
| 4:54 | Healing Salve |
| 5:15 | Orc Burrow |
| 5:16 | Troll Headhunter |
| 5:37 | Troll Headhunter |
| 6:12 | Troll Headhunter |
| 6:54 | Critical Strike |
| 7:27 | Healing Salve |
| 7:36 | Healing Salve |
| 7:42 | Troll Headhunter |
| 7:44 | Fortress |
| 7:47 | Thorium Ranged Weapons |
| 8:11 | Troll Headhunter |
| 8:58 | Critical Strike |
| 11:11 | Tauren Totem |
| 11:25 | Spirit Lodge |
| 11:33 | Berserker Upgrade |
| 11:49 | Orb of Lightning |
| 11:50 | Potion of Mana |
| 12:16 | Peon |
| 12:16 | Peon |
| 12:16 | Peon |
| 12:27 | Boots of Speed |
| 12:39 | Pulverize |
| 12:46 | Troll Berserker |
| 13:18 | Shaman |
| 13:19 | Troll Berserker |
| 13:21 | Tauren |
| 13:36 | Steel Armor |
| 13:40 | Troll Berserker |
| 14:03 | Troll Berserker |
| 14:05 | Tauren |
| 14:07 | Shaman Adept Training |
| 14:21 | Great Hall |
| 14:45 | Troll Berserker |
| 14:49 | Thorium Armor |
| 15:17 | Shaman Master Training |
| 15:48 | Troll Regeneration |
| 18:57 | Tauren |
| 18:58 | Troll Berserker |
| 19:00 | Shaman |
| 19:10 | Burning Oil |
| 19:12 | Healing Salve |
| 19:16 | Potion of Mana |
| 20:23 | Tauren |
| 20:24 | Demolisher |
| 20:30 | Shaman |
| 20:31 | Tauren |
| 20:32 | Demolisher |
| 20:35 | Steel Melee Weapons |
| 22:07 | Wind Walk |
| 22:13 | Shaman |
| 22:16 | Troll Berserker |
| 22:42 | Orc Burrow |
| 22:45 | Orc Burrow |
| 22:48 | Orc Burrow |
| 22:50 | Thorium Melee Weapons |
| 22:51 | Arcanite Armor |
| 24:05 | Shaman |
| 25:15 | Shaman |
| 25:22 | Beastiary |
| 26:14 | Beastiary |
| 26:24 | Demolisher |
| 27:09 | Demolisher |
| 27:12 | Arcanite Ranged Weapons |
| 27:20 | Envenomed Spears |
| 27:23 | Beastiary |
| 28:03 | Wind Rider |
| 28:26 | Shaman |
| 28:39 | Wind Rider |
| 31:35 | Wind Rider |
| 31:37 | Demolisher |
| 31:38 | Tauren |
| 31:39 | Shaman |
| 32:16 | Wind Rider |
| 32:19 | Liquid Fire |
| 32:20 | Troll Batrider |
| 32:22 | Demolisher |
| 32:23 | Tauren |
| 32:24 | Shaman |
| 32:53 | Troll Batrider |
| 33:07 | Demolisher |
| 33:11 | Shaman |
| 33:25 | Arcanite Melee Weapons |
| 33:51 | Troll Batrider |
| 33:52 | Troll Batrider |
| 34:34 | Troll Batrider |
| 34:34 | Troll Batrider |
| 35:39 | Troll Batrider |
| 35:39 | Troll Batrider |
| 35:40 | Troll Batrider |
| 35:54 | Spiked Barricades |
| 38:39 | Troll Batrider |
| 38:40 | Troll Batrider |
| 38:40 | Troll Batrider |
| 38:43 | Troll Batrider |
| 38:43 | Troll Batrider |
| Right click | 1029 |
| Select | 559 |
| Build/train/purchase | 137 |
| Minimap ping | 23 |
| Use ability | 13 |
| Item give/drop | 3 |

| Orb of Corruption | 1 | 375 |
| Scroll of Town Portal | 1 | 350 |
| total: | 2 | 725g |
| Acolyte | 7 | 525 | / | 0 |
| Ghoul | 9 | 1080 | / | 0 |
| Crypt Fiend | 4 | 860 | / | 160 |
| Necromancer | 4 | 580 | / | 80 |
| Meat Wagon | 2 | 460 | / | 100 |
| Abomination | 4 | 960 | / | 280 |
| Frost Wyrm | 7 | 2695 | / | 840 |
| total: | 37 | 7160g | / | 1460w |
| Nerubian Tower | 4 | 400 | / | 80 |
| Spirit Tower | 6 | 870 | / | 240 |
| Crypt | 3 | 600 | / | 150 |
| Altar of Darkness | 1 | 180 | / | 50 |
| Ziggurat | 18 | 2700 | / | 900 |
| Graveyard | 1 | 215 | / | 0 |
| Tomb of Relics | 1 | 130 | / | 30 |
| Temple of the Damned | 2 | 310 | / | 280 |
| Slaughterhouse | 2 | 280 | / | 270 |
| Sacrificial Pit | 1 | 75 | / | 150 |
| Boneyard | 2 | 350 | / | 400 |
| Halls of the Dead | 1 | 320 | / | 210 |
| Black Citadel | 1 | 325 | / | 230 |
| total: | 31 | 4840g | / | 2230w |
| 0:10 | Crypt |
| 0:13 | Acolyte |
| 0:13 | Acolyte |
| 0:14 | Acolyte |
| 0:33 | Altar of Darkness |
| 0:57 | Ziggurat |
| 1:09 | Ziggurat |
| 1:18 | Ghoul |
| 1:48 | Ziggurat |
| 2:35 | Nerubian Tower |
| 2:42 | Crypt |
| 2:50 | Nerubian Tower |
| 3:06 | Sleep |
| 3:34 | Ghoul |
| 3:34 | Ghoul |
| 3:41 | Graveyard |
| 4:08 | Tomb of Relics |
| 4:12 | Ziggurat |
| 4:16 | Ziggurat |
| 4:26 | Ghoul |
| 4:26 | Ghoul |
| 4:31 | Ghoul |
| 5:07 | Halls of the Dead |
| 5:11 | Ghoul |
| 6:07 | Nerubian Tower |
| 6:21 | Crypt |
| 6:43 | Ziggurat |
| 7:26 | Vampiric Aura |
| 8:10 | Web |
| 8:16 | Ghoul |
| 8:16 | Ghoul |
| 8:26 | Nerubian Tower |
| 8:36 | Acolyte |
| 8:36 | Acolyte |
| 8:37 | Acolyte |
| 8:42 | Acolyte |
| 9:22 | Crypt Fiend |
| 9:55 | Crypt Fiend |
| 10:06 | Ziggurat |
| 10:07 | Ziggurat |
| 11:01 | Ziggurat |
| 11:02 | Ziggurat |
| 11:04 | Spirit Tower |
| 11:31 | Black Citadel |
| 11:36 | Crypt Fiend |
| 11:58 | Ziggurat |
| 11:58 | Ziggurat |
| 12:01 | Spirit Tower |
| 12:57 | Temple of the Damned |
| 12:58 | Temple of the Damned |
| 13:22 | Spirit Tower |
| 13:28 | Ziggurat |
| 13:28 | Ziggurat |
| 13:32 | Crypt Fiend |
| 14:06 | Vampiric Aura |
| 14:24 | Ziggurat |
| 14:25 | Ziggurat |
| 14:27 | Spirit Tower |
| 14:45 | Necromancer Adept Training |
| 14:47 | Skeletal Mastery |
| 15:29 | Burrow |
| 16:05 | Necromancer |
| 16:05 | Necromancer |
| 16:06 | Necromancer |
| 16:06 | Necromancer |
| 16:32 | Slaughterhouse |
| 16:33 | Slaughterhouse |
| 18:40 | Creature Attack |
| 18:42 | Unholy Strength |
| 18:42 | Unholy Armor |
| 18:48 | Spirit Tower |
| 18:54 | Ziggurat |
| 18:56 | Ziggurat |
| 19:08 | Meat Wagon |
| 19:08 | Meat Wagon |
| 21:13 | Sacrificial Pit |
| 22:33 | Spirit Tower |
| 22:47 | Disease Cloud |
| 23:11 | Abomination |
| 23:12 | Abomination |
| 23:12 | Abomination |
| 24:48 | Abomination |
| 26:52 | Boneyard |
| 26:53 | Boneyard |
| 27:37 | Orb of Corruption |
| 27:39 | Scroll of Town Portal |
| 30:12 | Freezing Breath |
| 30:13 | Frost Wyrm |
| 30:13 | Frost Wyrm |
| 30:14 | Frost Wyrm |
| 32:00 | Frost Wyrm |
| 32:49 | Frost Wyrm |
| 38:09 | Frost Wyrm |
| 38:10 | Frost Wyrm |
| Right click | 1018 |
| Select | 385 |
| Build/train/purchase | 67 |
| Use ability | 30 |
| Misc. action | 27 |
| Resource trade | 25 |
| Assign group | 1 |
| Item give/drop | 1 |
| Remove unit | 1 |
| Select group | 1 |


| Healing Salve | 1 | 100 |
| Orb of Lightning | 1 | 375 |
| Potion of Healing | 2 | 300 |
| Potion of Mana | 1 | 200 |
| Boots of Speed | 1 | 250 |
| total: | 6 | 1225g |
| Peon | 18 | 1350 | / | 0 |
| Troll Headhunter | 6 | 840 | / | 120 |
| Wind Rider | 8 | 2120 | / | 320 |
| Shaman | 13 | 1690 | / | 260 |
| Demolisher | 7 | 1540 | / | 350 |
| Troll Witch Doctor | 7 | 1015 | / | 175 |
| Kodo Beast | 1 | 255 | / | 60 |
| Raider | 4 | 720 | / | 160 |
| Troll Batrider | 2 | 320 | / | 80 |
| total: | 66 | 9850g | / | 1525w |
| Orc Burrow | 8 | 1280 | / | 320 |
| Altar of Storms | 1 | 180 | / | 50 |
| War Mill | 1 | 205 | / | 0 |
| Barracks | 2 | 360 | / | 100 |
| Voodoo Lounge | 1 | 130 | / | 30 |
| Great Hall | 1 | 385 | / | 185 |
| Beastiary | 1 | 145 | / | 140 |
| Spirit Lodge | 2 | 300 | / | 300 |
| Stronghold | 1 | 315 | / | 190 |
| Fortress | 1 | 325 | / | 190 |
| total: | 17 | 2985g | / | 1125w |
| 0:02 | Peon |
| 0:02 | Peon |
| 0:19 | Orc Burrow |
| 0:23 | Altar of Storms |
| 0:25 | Peon |
| 0:49 | War Mill |
| 0:53 | Peon |
| 1:07 | Barracks |
| 1:09 | Peon |
| 1:23 | Peon |
| 1:41 | Peon |
| 1:45 | Orc Burrow |
| 1:58 | Peon |
| 2:06 | Voodoo Lounge |
| 2:26 | Critical Strike |
| 2:28 | Troll Headhunter |
| 2:35 | Troll Headhunter |
| 3:02 | Stronghold |
| 3:11 | Healing Salve |
| 3:26 | Troll Headhunter |
| 3:59 | Wind Walk |
| 4:05 | Troll Headhunter |
| 4:06 | Troll Headhunter |
| 4:13 | Orc Burrow |
| 4:17 | Steel Ranged Weapons |
| 5:02 | Troll Headhunter |
| 6:22 | Peon |
| 6:35 | Wind Walk |
| 7:06 | Peon |
| 7:07 | Peon |
| 7:14 | Beastiary |
| 7:22 | Orc Burrow |
| 7:25 | Healing Wave |
| 7:30 | Troll Regeneration |
| 7:40 | Steel Armor |
| 8:32 | Spirit Lodge |
| 8:34 | Wind Rider |
| 8:34 | Wind Rider |
| 8:40 | Orc Burrow |
| 9:35 | Hex |
| 10:15 | Critical Strike |
| 11:15 | Fortress |
| 11:17 | Wind Rider |
| 11:18 | Wind Rider |
| 11:19 | Shaman Adept Training |
| 11:21 | Thorium Ranged Weapons |
| 11:21 | Thorium Armor |
| 11:54 | Great Hall |
| 11:58 | Orc Burrow |
| 12:05 | Healing Wave |
| 13:18 | Boots of Speed |
| 14:20 | Envenomed Spears |
| 14:21 | Shaman Master Training |
| 14:22 | Shaman |
| 14:22 | Shaman |
| 14:22 | Shaman |
| 14:25 | Arcanite Armor |
| 14:33 | Orc Burrow |
| 14:37 | Orc Burrow |
| 15:19 | Orb of Lightning |
| 15:40 | Shaman |
| 15:47 | Peon |
| 15:47 | Peon |
| 15:47 | Peon |
| 15:47 | Peon |
| 17:52 | Shaman |
| 17:52 | Shaman |
| 17:54 | Wind Rider |
| 17:54 | Wind Rider |
| 17:54 | Wind Rider |
| 18:03 | Arcanite Ranged Weapons |
| 18:12 | Spirit Lodge |
| 20:51 | Barracks |
| 20:56 | Burning Oil |
| 20:57 | Demolisher |
| 20:57 | Demolisher |
| 20:57 | Demolisher |
| 20:59 | Witch Doctor Adept Training |
| 21:02 | Wind Rider |
| 21:10 | War Drums Damage Increase |
| 22:30 | Peon |
| 22:31 | Peon |
| 22:31 | Peon |
| 22:34 | Demolisher |
| 22:35 | Demolisher |
| 22:35 | Demolisher |
| 22:35 | Demolisher |
| 22:58 | Hex |
| 23:35 | Witch Doctor Master Training |
| 25:52 | Troll Witch Doctor |
| 25:52 | Troll Witch Doctor |
| 25:56 | Shaman |
| 25:56 | Shaman |
| 28:01 | Kodo Beast |
| 30:47 | Wind Walk |
| 31:40 | Ensnare |
| 31:41 | Raider |
| 31:41 | Raider |
| 31:41 | Raider |
| 31:41 | Raider |
| 31:45 | Shaman |
| 31:45 | Shaman |
| 31:45 | Shaman |
| 31:46 | Troll Witch Doctor |
| 31:46 | Troll Witch Doctor |
| 31:47 | Troll Witch Doctor |
| 31:50 | Steel Melee Weapons |
| 31:51 | Spiked Barricades |
| 33:02 | Thorium Melee Weapons |
| 33:10 | Troll Witch Doctor |
| 33:12 | Shaman |
| 34:20 | Shaman |
| 34:21 | Troll Witch Doctor |
| 35:02 | Liquid Fire |
| 35:07 | Troll Batrider |
| 35:07 | Troll Batrider |
| 40:43 | Potion of Healing |
| 40:47 | Potion of Mana |
| 40:51 | Potion of Healing |
| Right click | 2560 |
| Select | 597 |
| Build/train/purchase | 152 |
| Select group | 124 |
| Use ability | 68 |
| Assign group | 11 |
| Item give/drop | 8 |
| Minimap ping | 6 |
| Remove unit | 1 |